 Dungeon Crawl Stone Soup version 0.32-a0-933-ga8fa3634e4 (webtiles) character file.

Game seed: 18258124731888103371

53 EvolutionX the Chopper (level 3, -1/29 (31) HPs)
             Began as a Minotaur Berserker on Apr 14, 2024.
             Was a Believer of Trog.
             Succumbed to a kobold's poison
             ... on level 3 of the Dungeon.
             The game lasted 00:03:19 (812 turns).

EvolutionX the Chopper (Minotaur Berserker)          Turns: 812, Time: 00:03:20

HP:   -1/29 (31)    AC:  7    Str: 23    XL:     3   Next: 64%
MP:   2/2           EV: 11    Int:  4    God:    Trog [**....]
Gold: 39            SH:  0    Dex:  9    Spells: 2/2 levels left

rFire   . . .        a - +0 hand axe
rCold   . . .        (no shield)
rNeg    . . .        b - +0 animal skin
rPois   .            (helmet restricted)
rElec   .            e - +0 cloak
rCorr   .            (no gloves)
SInv    .            (no boots)
Will    .....        (no amulet)
Stlth   +            d - +4 ring of protection
HPRegen 0.24/turn    (no ring)
MPRegen 0.08/turn

%: no passive effects
@: lethally poisoned (-1 -> -9), drained
A: horns 2, retaliatory headbutt
a: Renounce Religion, Berserk, Trog's Hand


You were on level 3 of the Dungeon.
You worshipped Trog.
Trog was pleased with you.
You visited 1 branch of the dungeon, and saw 3 of its levels.

You collected 39 gold pieces.

Inventory:

Hand Weapons
 a - a +0 hand axe (weapon)
Armour
 b - a +0 animal skin (worn)
 e - a +0 cloak (worn)
Jewellery
 d - a +4 ring of protection (left hand)
Scrolls
 c - a scroll of identify {unknown}
 f - a scroll of poison {unknown}


   Skills:
 - Level 3.6 Fighting
 + Level 5.7 Axes
 - Level 2.4 Armour
 - Level 2.1 Dodging


You had 2 spell levels left.
You didn't know any spells.
Your spell library was empty.

Dungeon Overview and Level Annotations

Branches:
Dungeon (3/15)

Altars:

Annotations:
D:2 Jessica


Innate Abilities, Weirdness & Mutations

You have a pair of horns on your head.
You reflexively headbutt those who attack you in melee.


Message History

a +0 dagger; a goblin corpse You feel yourself speed up.
You start resting.
You recover from your berserk rage.
You start resting.
Jessica is nearby!
Unknown command.
Jessica shouts!
You hear a shout!
Jessica points at you and mumbles some strange words.
Pain shoots through your body!
There is a stone staircase leading down here.
You climb downwards.
The hobgoblin shouts!
Found a golden potion and a scroll labelled XAECUM RUSOKHLIU.
There is a stone staircase leading up here.
You are too injured to fight recklessly!
You are too injured to fight recklessly!
You are too injured to fight recklessly!
The kobold throws a poisoned dart.
The poisoned dart barely misses you. The hobgoblin barely misses you.
You barely miss the hobgoblin. The hobgoblin barely misses you.
You slash the hobgoblin!
You kill the hobgoblin!
Trog accepts your kill.
The kobold throws a poisoned dart.
The poisoned dart hits you!
You are poisoned.
You feel very sick.
You feel sick.
You feel sick.
You feel sick. The kobold barely misses you.
You feel sick.
The kobold throws a poisoned dart.
The poisoned dart hits you!
You are lethally poisoned!
* * * LOW HITPOINT WARNING * * *
You feel very sick.
You hit the kobold. You headbutt the kobold.
You kill the kobold!
Trog accepts your kill.
* * * LOW HITPOINT WARNING * * *
You feel very sick.
You die...

.. #########.##
#..........#
#..........#
#..........#
#..........##..
#...!.......?..
####....@.<.......
....................
.################...
.


There were no monsters in sight!

Vanquished Creatures
  Robin (D:2)
  A dart slug (D:1)
  A bat (D:1)
  2 giant cockroaches
  11 goblins
  6 hobgoblins
  2 jackals (D:1)
  2 kobolds
  A quokka (D:1)
  4 ball pythons (D:1)
  3 rats (D:1)
34 creatures vanquished.

Notes
Turn   | Place    | Note
-------+----------+-------------------------------------------
     0 | D:1      | EvolutionX the Minotaur Berserker began the quest for the
                  | Orb.
     0 | D:1      | Reached XP level 1. HP: 19/19 MP: 0/0
    79 | D:1      | Reached skill level 4 in Axes
   148 | D:1      | Reached XP level 2. HP: 25/26 MP: 1/1
   688 | D:2      | Reached ** piety under Trog
   689 | D:2      | Reached skill level 5 in Axes
   710 | D:2      | Noticed Robin
   715 | D:2      | Reached XP level 3. HP: 31/31 MP: 2/2
   729 | D:2      | Killed Robin
   751 | D:2      | Noticed Jessica
   811 | D:3      | HP: 1/29 [poisoned by a kobold]
   812 | D:3      | Succumbed to a kobold's poison

Illustrated notes

Levels and vault maps discovered:
D:1:      sevenhm_arrival_forest_fort_small_5, layout_basic
D:2:      layout_loops_cross, uniq_jessica, uniq_robin
D:3:      layout_rooms, led_xom_imps, serial_corexii_hall,
          corexii_hall_statues_deadend, corexii_hall_statues_l,
          chequers_hall_statues_y, roderic_batcave, uniq_terence

Skill      XL: |  1  2 |
---------------+-------+-----
Axes           | 4 5 |  5.7
Fighting       | |  3.6
Armour         | |  2.4
Dodging        | |  2.1

Action                     || total
---------------------------++-------
  Melee: Hand axe          ||    57
         Headbutt          ||     4
 Invoke: Berserk           ||     1
 Armour: Animal skin       ||    41
  Dodge: Dodged            ||    53

Table legend: (Time is in decaauts)
 A = Elapsed time spent in this place.
 B = Non-inter-level travel time spent in this place.
 C = Inter-level travel time spent in this place.
 D = Time resting spent in this place.
 E = Time spent auto-exploring this place.
 F = Levels seen in this place.
 G = Mean time per level.
                   A        B        C        D        E       F      G
               +--------+--------+--------+--------+--------+-----+--------+
         Total |    828 |    808 |     20 |     62 |    540 |   3 |  276.0 |
       Dungeon |    828 |    808 |     20 |     62 |    540 |   3 |  276.0 |
               +--------+--------+--------+--------+--------+-----+--------+

Top non-repeatable levels by time:
     D:1: 622 daAuts
     D:2: 192 daAuts
     D:3: 12 daAuts
